AoeStats
← kleomu

Arabia

506999726Analyzed
1v1 RM · 17d ago on Sep 16, 2026· 31m 21s· 2 players
Game mode
Random Map
Map size
Tiny (2 player)
Population
200
Speed
Normal
Resources
Standard
Victory
Conquest
Starting age
Dark Age
Ending age
Imperial Age
RankedLock teamsTeams togetherTeam positionsShared explorationLock speedFull tech treeHidden civsTurbo modeCheats
Victory
Defeat
🇹🇷 Jurchens · Türkiye
1453
+16
🇨🇴 Spanish · Colombia
1451
-16
[KT] The Best
7:51 Loom
11:14 Feudal Age
14:53 Castle Age
13:12 Double-Bit Axe
14:16 Horse Collar
16:20 Bow Saw
19:43 Padded Archer Armor
20:33 Town Watch
21:06 Leather Archer Armor
23:01 Gold Mining
23:43 Bloodlines
25:23 Heavy Plow
27:00 Wheelbarrow
27:57 Scale Barding Armor
28:37 Inquisition
29:12 Sanctity
30:14 Chain Barding Armor
kleomu
8:17 Loom
10:24 Feudal Age
15:12 Castle Age
21:58 Ballistics
23:18 Siege Engineers
24:45 Double-Bit Axe
26:40 Horse Collar
29:32 Wheelbarrow
30:18 Gold Mining
Connection lost

Rejoining the realm…

Still unreachable

The connection could not be restored.

Session expired

The server has moved on; the page needs a fresh start.